Unix xNetHack Version 7.1.0 - last build Jun 10 2022 16:52:22 (33bbff3b7d1ce07880d5c4b1c5efc7e91935e5b9). Game began 2022-06-24 08:25:16, ended 2022-06-24 08:45:07. elenmirie, neutral female human Tourist -------- |....<.| ------ .......| |.>...| -------- |......| #%...\.| |........ ....:..| )|.....| |(.....| # ..(..| ---Z---- % ....| @####### # ----- ## ) ## # # # # ) # ## -----|---.--# |.~........|# |...........# ------------ Elenmirie the Sightseer St:11 Dx:12 Co:17 In:12 Wi:10 Ch:15 Neutral Dlvl:5 $:1067 HP:0(41) Pw:19(19) AC:7 Xp:5/220 T:2035 Latest messages: You stab the gnome. You pierce the gnome. The gnome punches you! You kill the gnome! You stab the gnome king. The gnome king swings his gold mace. The gnome king bashes you! Are you sure you want to pray? [yn] (n) y You begin praying to The Lady. You are surrounded by a shimmering light. The gnome king starts to attack you, but pulls back. The gnome king starts to attack you, but pulls back. You finish your prayer. You feel that The Lady is well-pleased. You feel much better. In what direction? k The dart hits the gnome king! The gnome king swings his gold mace. The gnome king hits you! In what direction? k The dart hits the gnome king. The dart hits the gnome king. The gnome king swings his gold mace. The gnome king brains you! In what direction? k The dart hits the gnome king. In what direction? k The dart misses the gnome king. The dart misses the gnome king. You are hit by a dart. The gnome king swings his gold mace. The gnome king hits you! In what direction? k You kill the gnome king! a - 5 uncursed +2 darts (at the ready) {5}. The large kobold throws a dart! You are almost hit by a dart. There are many objects here. You see here a crude dagger. You are hit by a dart. You hear the howling of the CwnAnnwn... In what direction? k The dart hits the gnome zombie! The gnome zombie scratches you! You die... Do you want your possessions identified? [ynq] (y) y Do you want to see your attributes? [ynq] (y) y Do you want an account of creatures vanquished? [ynaq] (y) y Do you want to see your conduct and achievements? [ynq] (y) y Do you want to see the dungeon overview? [ynq] (y) y Major events: Turn 1: elenmirie the neutral female human Tourist entered the dungeon 1033: attained the rank of Sightseer (level 3) 1430: entered the Gnomish Mines 2035: killed by a gnome zombie Inventory: Inventory: 415/750 weight (21/52 slots) Coins $ - 1067 gold pieces {11} Weapons a - 34 uncursed +2 darts (at the ready) {34} u - a blessed rustproof +1 orcish dagger (weapon in hand) {10} Armor v - an uncursed +0 orcish helm (being worn) {23} k - an uncursed +0 pair of low boots {10} C - an uncursed +1 pair of water walking boots (being worn) {12} j - an uncursed +0 Hawaiian shirt with a giant eel motif (being worn) {4} Comestibles b - 9 uncursed food rations {180} d - an uncursed fortune cookie {1} f - an uncursed lembas wafer {5} Scrolls i - a blessed scroll of blank paper {5} q - a cursed scroll of blank paper {5} B - an uncursed scroll of enchant armor {5} h - 3 uncursed scrolls of magic mapping {15} o - an uncursed scroll of remove curse {5} Potions A - 2 uncursed potions of gain energy {40} z - an uncursed potion of polymorph {20} Wands w - an uncursed wand of make invisible (0:7) {7} E - an uncursed wand of striking (0:4) {7} Tools m - an uncursed credit card {1} l - an uncursed expensive camera (0:80) {12} x - an uncursed copper pea whistle {3} Elenmirie the Tourist's attributes: Background: You were a Sightseer, a level 5 female human Tourist. You were neutral, on a mission for The Lady who was opposed by Blind Io (lawful) and Offler (chaotic). You were heterosexual. You were in the Dungeons of Doom, on level 5. You entered the dungeon 2035 turns ago. You had 220 experience points, 100 more were needed to attain level 6. Basics: You had 0 out of 41 hit points. You had all 19 energy points (spell power). Your armor class was 7. Your wallet contained 1067 zorkmids. Autopickup was on for '$' plus thrown. Final Characteristics: Your strength was 11 (limit:18/100). Your dexterity was 12 (limit:18). Your constitution was 17 (limit:18). Your intelligence was 12 (limit:18). Your wisdom was 10 (limit:18). Your charisma was 15 (limit:18). Final Status: You were not hungry. You were unencumbered. You were wielding a dagger. You had basic skill with dagger. Final Attributes: You were piously aligned. You were telepathic. You could walk on water. You are dead. Miscellaneous: You encountered 1 bones level. Total elapsed playing time was 19 minutes and 49 seconds. Vanquished creatures: a gnome ruler 3 bugbears a straw golem a floating eye a kobold shaman an orc zombie an iguana an acid blob a gas spore a manes 3 hobgoblins a cave spider 2 gnomes 2 geckos a jackal 2 goblins 2 grid bugs 6 lichens 2 kobold zombies 6 newts 39 creatures vanquished. No species were genocided or became extinct. Voluntary challenges: You read items or engraved 2 times. You never genocided any monsters. You never polymorphed an object. You never changed form. You never touched an artifact. You used no wishes. You never owned a pet. You never scared an enemy with impunity. You were celibate. You never generated conflict. Achievements: You attained the rank of Sightseer. You entered a shop. You entered the Gnomish Mines. The Dungeons of Doom: levels 1 to 5 Level 1: An altar to The Lady. Level 2: A fountain. Level 3: A general store, a sink. Stairs down to The Gnomish Mines. Level 4: A general store, some fountains. Level 5: <- You were here. A throne. Final resting place for you, killed by a gnome zombie, elenmirie-Tou-Hum-Fem-Neu, killed by a gray ooze. The Gnomish Mines: Level 4: Game over: __________ / \ / REST \ / IN \ / PEACE \ / \ | elenmirie | | 1067 Au | | killed by a | | gnome zombie | | | | | | 2022 | *| * * * | * _________)/\\_//(\/(/\)/\//\/|_)_______ Aloha elenmirie the Tourist... You died in The Dungeons of Doom on dungeon level 5 with 1206 points, and 1067 pieces of gold, after 2035 moves. You were level 5 with a maximum of 41 hit points when you died.